[ AOE2 MATCH · #507284838 ]
UnrankedMongols vs Cumans
Player's team · WIN
Rival team · LOSS
[ REPLAY ANALYSIS · EXTRACTED FROM THE RECORDED GAME ]
Feudal
7:39
Castle
—
Imperial
—
| APM avg | 43.1 |
| APM peak | 71 |
| eAPM avg | 16.3 |
| Villagers / military | 19 / 2 |
Focus
⚔️ 33.9% · 🌾 66.1%
Scout Cavalry ×2
Feudal
8:27
Castle
—
Imperial
—
| APM avg | 79.4 |
| APM peak | 118 |
| eAPM avg | 35.1 |
| Villagers / military | 26 / 0 |
Focus
⚔️ 34.9% · 🌾 65.1%
Match map
Initial resources + every placement click. Lines = walls · curves = elevation contours. ◆ gold · ⬟ stone · ● berries · ✦ relic · ◌ wall gap
Your base
msntt951753's base
Smoothed initial terrain · ◌ = detected wall gap · hover for details
Inputs per minute
— VNS_MZ - - msntt951753
Build order — VNS_MZ
36 actions detected in the replay
| 0:00 | Queue | Villager (Male) |
| 0:01 | Queue | Villager (Male) |
| 0:01 | Queue | Villager (Male) |
| 0:02 | Build | House |
| 0:03 | Build | House |
| 0:15 | Queue | Villager (Male) |
| 1:32 | Queue | Villager (Male) |
| 1:32 | Queue | Villager (Male) |
| 2:07 | Queue | Villager (Male) |
| 2:07 | Queue | Villager (Male) |
| 2:32 | Queue | Villager (Male) |
| 2:32 | Queue | Villager (Male) |
| 2:34 | Queue | Villager (Male) |
| 2:35 | Build | Lumber Camp |
| 3:03 | Build | House |
| 3:31 | Queue | Villager (Male) |
| 3:54 | Queue | Villager (Male) |
| 4:26 | Queue | Villager (Male) |
| 4:45 | Research | Loom |
| 4:45 | Research | Loom |
| 5:01 | Build | Mill |
| 5:29 | Research | Feudal Age |
| 5:29 | Research | Feudal Age |
| 6:47 | Build | Barracks |
| 7:32 | Build | House |
| 7:39 | Age | Feudal Age |
| 7:41 | Queue | Villager (Male) |
| 7:49 | Build | Stable |
| 7:56 | Queue | Villager (Male) |
| 8:15 | Queue | Villager (Male) |
| 8:23 | Queue | Scout Cavalry |
| 8:34 | Queue | Villager (Male) |
| 8:41 | Build | Watch Tower |
| 8:50 | Queue | Scout Cavalry |
| 9:00 | Build | House |
| 9:34 | Queue | Villager (Male) |
Build order — msntt951753
47 actions detected in the replay
| 0:00 | Queue | Villager (Male) |
| 0:02 | Build | House |
| 0:02 | Build | House |
| 0:26 | Queue | Villager (Male) |
| 0:27 | Queue | Villager (Male) |
| 0:27 | Queue | Villager (Male) |
| 1:27 | Queue | Villager (Male) |
| 1:27 | Queue | Villager (Male) |
| 2:00 | Queue | Villager (Male) |
| 2:09 | Build | Lumber Camp |
| 2:19 | Queue | Villager (Male) |
| 2:19 | Queue | Villager (Male) |
| 2:50 | Queue | Villager (Male) |
| 3:10 | Queue | Villager (Male) |
| 3:11 | Queue | Villager (Male) |
| 3:55 | Build | House |
| 4:11 | Queue | Villager (Male) |
| 4:11 | Queue | Villager (Male) |
| 4:11 | Queue | Villager (Male) |
| 4:12 | Queue | Villager (Male) |
| 4:51 | Queue | Villager (Male) |
| 4:51 | Queue | Villager (Male) |
| 4:52 | Queue | Villager (Male) |
| 4:53 | Build | Mill |
| 4:56 | Research | Loom |
| 6:15 | Research | Feudal Age |
| 6:15 | Research | Feudal Age |
| 7:06 | Queue | Villager (Male) |
| 7:06 | Queue | Villager (Male) |
| 7:06 | Queue | Villager (Male) |
| 7:19 | Build | House |
| 7:20 | Build | Palisade Wall |
| 7:56 | Queue | Villager (Male) |
| 7:56 | Queue | Villager (Male) |
| 8:27 | Age | Feudal Age |
| 8:28 | Build | Town Center |
| 8:42 | Build | Palisade Wall |
| 8:43 | Build | Palisade Wall |
| 8:47 | Build | Palisade Wall |
| 8:58 | Build | Palisade Wall |
| 8:59 | Build | Palisade Wall |
| 9:00 | Build | Palisade Wall |
| 9:08 | Build | Palisade Wall |
| 9:12 | Build | Palisade Wall |
| 9:17 | Build | Palisade Wall |
| 9:21 | Queue | Villager (Male) |
| 9:21 | Queue | Villager (Male) |
Match timeline
| 6:47 | VNS_MZ · first_building Barracks |
| 7:20 | msntt951753 · wall_segment Palisade Wall x1 |
| 7:39 | VNS_MZ · age_up feudal |
| 7:49 | VNS_MZ · first_building Stable |
| 8:27 | msntt951753 · age_up feudal |
| 8:42 | msntt951753 · wall_segment Palisade Wall x1 |
| 8:43 | msntt951753 · wall_segment Palisade Wall x1 |
| 8:47 | msntt951753 · wall_segment Palisade Wall x1 |
| 8:58 | msntt951753 · wall_segment Palisade Wall x1 |
| 8:59 | msntt951753 · wall_segment Palisade Wall x1 |
| 9:00 | msntt951753 · wall_segment Palisade Wall x1 |
| 9:08 | msntt951753 · wall_segment Palisade Wall x1 |
| 9:12 | msntt951753 · wall_segment Palisade Wall x1 |
| 9:17 | msntt951753 · wall_segment Palisade Wall x1 |
| 9:42 | msntt951753 · resign |
[ AI ANALYSIS · 1 CREDIT ]
What really happened in this match?
Wolo.gg analyzes every decision: build order, eco, micro, common mistakes by bracket. Personalized analysis on WhatsApp or Discord in 30 seconds.
Civ guide
Mongols
Perfil
Jugador #22069716